 Dungeon Sprint DCSS version 0.29.1-15-g9cfb28693d (webtiles) character file.

Game seed: 10764240170004853295

251 Groucho the Covert (level 5, -3/24 HPs)
             Began as a Spriggan Earth Elementalist on Apr 3, 2023.
             Was an Initiate of Dithmenos.
             Slain by a human (14 damage)
             ... in the Dungeon (Sprint III: "The Ten Rune Challenge").
             The game lasted 00:03:26 (1595 turns).

Groucho the Covert (Spriggan Earth Elementalist)    Turns: 1595, Time: 00:03:27

Health: -3/24      AC:  2    Str:  6    XL:     5   Next: 88%
Magic:  13/15      EV: 21    Int: 17    God:    Dithmenos [......]
Gold:   32         SH:  0    Dex: 15    Spells: 14/18 levels left

rFire   . . .      SeeInvis +   (weapon restricted)
rCold   . . .      Faith    .   (no shield)
rNeg    . . .      Spirit   .   a - +0 robe
rPois   .          Reflect  .   (helmet restricted)
rElec   .          Harm     .   (no cloak)
rCorr   .          Rampage  .   (gloves unavailable)
Will    .....      NoTele   +   (boots unavailable)
Stlth   ++++......              (no amulet)
HPRegen 0.08/turn               (no ring)
MPRegen 0.14/turn               (no ring)

@: very quick
A: very small, no large weapons, unfitting armour, see invisible, speed 3
a: Renounce Religion


You were in the Dungeon.
You worshipped Dithmenos.
Dithmenos was noncommittal.
You visited 1 branch You collected 32 gold pieces.

Inventory:

Armour
 a - a +0 robe (worn)
Wands
 n - a wand of iceblast (7)
Scrolls
 g - a scroll of blinking
 h - a scroll of immolation {unknown}
 j - 2 scrolls of torment {unknown}
 k - 2 scrolls of fear {unknown}
Potions
 b - 3 potions of magic
 c - 2 potions of curing
 d - a potion of heal wounds
 e - a potion of haste
 f - a potion of berserk rage
 i - 3 potions of mutation {unknown}
 l - 2 potions of flight {unknown}
 m - a potion of attraction {unknown}


   Skills:
 + Level 7.6 Dodging
 + Level 9.0 Stealth
 + Level 7.0 Spellcasting
 - Level 1.3 Transmutations
 * Level 7.6 Earth Magic


You had 14 spell levels left.
You knew the following spells:

 Your Spells              Type           Power      Damage    Failure   Level
a - Sandblast             Erth           62%        2d14      1%          1
b - Stone Arrow           Conj/Erth      36%        3d9       8%          3

Your spell library contained the following spells:

 Spells                   Type           Power      Damage    Failure   Level
 Passwall                 Tmut/Erth      17%        N/A       2%          2
 Petrify                  Tmut/Erth      21%        N/A       19%         4


Dungeon Overview and Level Annotations

Branches:
Dungeon (1/1)

Altars:
Dithmenos
Okawaru
Ru
Trog
Uskayaw
Wu Jian
Yredelemnul


Innate Abilities, Weirdness & Mutations

You are very small and have problems with some larger weapons.
You are too small for most types of armour.
You have supernaturally acute eyesight. (SInv)
You cover ground extremely quickly. (Speed+++)


Message History

You start waiting.
There is an open door here.
Items here: ) [ ÷÷.
You open the door. 2 humans come into view.
Found a sling and a shiny ring mail.
Found five altars.
Casting: Sandblast (safe; 1% risk of failure)
Confirm with . or Enter, or press ? or * to list all spells.
Aiming: Sandblast (safe; 1% risk of failure)
Press: ? - help, Shift-Dir - straight line, f - human
Aim: a human (asleep, 100% to hit)
The blast of sand hits the human!
The human is moderately wounded.
The human shouts!
The human drinks a potion.
The human goes berserk!
Unknown command.
The human rages.
There is a fountain of clear blue water here.
There is an open door to the Ecumenical Temple here.
Casting: Sandblast (safe; 1% risk of failure)
Confirm with . or Enter, or press ? or * to list all spells.
Aiming: Sandblast (safe; 1% risk of failure)
Press: ? - help, Shift-Dir - straight line, f - human, p - human
Aim: a human (berserk, 78% to hit)
The blast of sand hits the human!!
The human is moderately wounded.
The human rages.
The human hits you!
Ouch! That really hurt!
The human rages.
Casting: Sandblast (safe; 1% risk of failure)
Confirm with . or Enter, or press ? or * to list all spells.
Aiming: Sandblast (safe; 1% risk of failure)
Press: ? - help, Shift-Dir - straight line, f/p - human
Aim: a human (moderately wounded, berserk, 78% to hit)
The blast of sand hits the human!
The human is severely wounded.
The human hits you!
Ouch! That really hurt!
You die...

▓..#..#....♣♣♣ ♣♣.# _p_#__#
▓#'####......♣ ..# __)#._#
▓.....#....~.♣♣♣♣.###+#'###)##
▓.....#...~~♣.♣♣..#..........#
▓...).#..~~~~.♣♣♣.p.⌠........#
▓####'#..~≈≈~~~.♣.#...######+#
▓.....#.~~≈~~~....#.⌠.#
▓.....#.~≈~~~..p..#...#
▓.....#.~~~...@...#+###
▓'#####...........#
▓.................#
▓▓▓▓▓▓▓▓▓▓▓▓▓▓▓▓▓▓▓


You could see 2 humans.

Vanquished Creatures
  A necrophage (D)
  A water elemental (D)
  A scorpion (D)
  Jessica (D)
  A necromancer (D)
  A human (D)
  An endoplasm (D)
  2 rats (D)
9 creatures vanquished.

Notes
Turn   | Place    | Note
-------+----------+-------------------------------------------
     0 | D        | Groucho the Spriggan Earth Elementalist began the quest for
                  | the Orb.
     0 | D        | Reached XP level 1. HP: 9/9 MP: 5/5
   176 | D        | Noticed Jessica
   182 | D        | Killed Jessica
   183 | D        | Reached skill level 5 in Stealth
   183 | D        | Reached XP level 2. HP: 7/13 MP: 1/8
   184 | D        | Reached XP level 3. HP: 9/16 MP: 0/9
   776 | D        | Noticed a scorpion
   798 | D        | Killed a scorpion
   799 | D        | Reached skill level 5 in Dodging
   799 | D        | Reached skill level 6 in Stealth
   799 | D        | Reached skill level 5 in Spellcasting
   799 | D        | Reached skill level 5 in Earth Magic
   799 | D        | Reached XP level 4. HP: 21/21 MP: 7/12
  1031 | D        | Learned a level 3 spell: Stone Arrow
  1031 | D        | Noticed a water elemental
  1059 | D        | Killed a water elemental
  1060 | D        | Reached skill level 7 in Stealth
  1060 | D        | Reached XP level 5. HP: 24/24 MP: 8/14
  1340 | D        | Found a shadowy altar of Dithmenos.
  1343 | D        | Reached skill level 8 in Stealth
  1345 | D        | Reached skill level 9 in Stealth
  1345 | D        | Found a basalt altar of Yredelemnul.
  1345 | D        | Found a sacrificial altar of Ru.
  1349 | D        | Became a worshipper of Dithmenos the Shadowed
  1584 | D        | Found a hide-covered altar of Uskayaw.
  1584 | D        | Found an iron altar of Okawaru.
  1584 | D        | Found a bloodstained altar of Trog.
  1584 | D        | Found an ornate altar of the Wu Jian Council.
  1584 | D        | Noticed a human
  1584 | D        | Noticed a human
  1595 | D        | Slain by a human

Illustrated notes

Levels and vault maps discovered:
D:        dungeon_sprint_mu [sprint_mu_entry_forest, sprint_mu_temple_rooms,
          sprint_mu_d1_horrors, sprint_mu_d2_genie, sprint_mu_d3_branching,
          sprint_mu_orc_legion, sprint_mu_elf_gauntlet, sprint_mu_hive_nellie,
          sprint_mu_lair_fedhas, sprint_mu_vaults_butterflies,
          sprint_mu_slime_circle, sprint_mu_swamp_cave, sprint_mu_snake_twists,
          sprint_mu_blade_basic, sprint_mu_crypt_chambers,
          sprint_mu_tomb_spiral, sprint_mu_vestibule_basic,
          sprint_mu_gehenna_hellfire, sprint_mu_dis_giant,
          sprint_mu_tartarus_statrot, sprint_mu_cocytus_islands, sprint_mu_zot1]

Skill      XL: |  1  2  3  4  5 |
---------------+----------------+-----
Dodging        | 4 5 6 7 |  7.6
Earth Magic    | 4 5 6 7 |  7.6
Spellcasting   | 4 5 6 7 |  7.0
Stealth        | 5 6 7 9 |  9.0
Transmutations | |  1.3

Action                   |  1- 3 |  4- 6 || total
-------------------------+-------+-------++-------
 Cast: Sandblast         |    23 |    13 ||    36
Armor: Robe              |     1 |       ||     1
Dodge: Dodged            |     5 |     2 ||     7
